 Dungeon Crawl Stone Soup version 0.21-a0-529-g8c7b3f5 (webtiles) character file.

147 slep the Skirmisher (level 5, -11/28 HPs)
             Began as a Vine Stalker Fighter on Dec 11, 2017.
             Mangled by an ogre
             ... wielding a +0 giant spiked club
              (16 damage)
             ... on level 4 of the Dungeon.
             The game lasted 00:06:32 (1806 turns).

slep the Skirmisher (Vine Stalker Fighter)          Turns: 1806, Time: 00:06:32

Health: -11/28     AC:  6    Str: 19    XL:     5   Next: 29%
Magic:  0/6        EV:  7    Int:  8    God:
Gold:   147        SH:  9    Dex: 14    Spells: 4/4 levels left

rFire    . . .     SeeInvis .   a - +0 war axe
rCold    . . .     Gourm    .   c - +0 shield
rNeg     . . .     Faith    .   b - +0 scale mail
rPois    .         Spirit   +   (no helmet)
rElec    .         Reflect  .   (no cloak)
rCorr    .         Harm     .   (no gloves)
MR       .....                  (no boots)
Stlth    ..........             (no amulet)
HPRegen  0.49/turn              (no ring)
MPRegen  0.10/turn              (no ring)

@: no status effects
A: fangs 2, regeneration 1, magic shield, antimagic bite, no potion heal 3, rot
immunity
a: no special abilities


You were on level 4 of the Dungeon.
You were not hungry.

You visited 1 branch of the dungeon, and saw 4 of its levels.

You collected 147 gold pieces.

Inventory:

Hand Weapons
 a - a +0 war axe (weapon)
 w - a cursed -3 trident
 x - a +3 mace
Missiles
 e - 6 silver javelins (quivered)
Armour
 b - a +0 scale mail (worn)
 c - a +0 shield (worn)
Jewellery
 p - a cursed -2 ring of strength {unknown}
 s - a cursed ring of loudness {unknown}
 y - an uncursed ring of magical power {unknown}
Scrolls
 h - 2 scrolls of fog {unknown}
 i - 3 scrolls of remove curse {unknown}
 k - 6 scrolls of identify {unknown}
 l - a scroll of teleportation {unknown}
 m - 2 scrolls of enchant armour {unknown}
 o - 3 scrolls of amnesia {unknown}
Potions
 d - a potion of might
 n - a potion of magic {unknown}
 q - 2 potions of flight {unknown}
 t - 2 potions of curing {unknown}
 u - a potion of resistance {unknown}
Comestibles
 f - 5 bread rations
 g - 2 meat rations
 j - 6 fruits
 r - a royal jelly
 v - 3 chunks of flesh


   Skills:
 + Level 3.6 Fighting
 + Level 3.0 Axes
 + Level 3.1 Armour
 + Level 0.7 Dodging
 + Level 3.0 Shields


You had 4 spell levels left.
You didn't know any spells.

Dungeon Overview and Level Annotations

Branches:
Dungeon (4/15)
 Temple: D:4-7

Altars:


Innate Abilities, Weirdness & Mutations

You have extremely sharp teeth.
Your natural rate of healing is unusually fast.
When hurt, damage is shared between your health and your magic reserves.
Your bite disrupts and absorbs the magic of your enemies.
Potions cannot restore your health.
You are immune to rotting.


Message History

There is an open door here.
q - 2 white potions (gained 1)
m - 2 scrolls labeled PIRYKO SI FASS (gained 1)
Found a stone staircase leading down.
Found a stone staircase leading down.
There is a stone staircase leading down here.
An ogre comes into view. It is wielding a giant spiked club.
The ogre shouts!
You hear an angry hiss.
You see here a garnet ring.
y - a garnet ring An adder comes into view.
The adder hisses angrily.
You slash the ogre! Your bite misses the ogre.
The ogre is heavily wounded.
The ogre hits you with a giant spiked club!!
Ouch! That really hurt!
* * * LOW HITPOINT WARNING * * *
The ogre hits you with a giant spiked club!
Ouch! That really hurt!
You die...

.......#......#......
.......#......#......#
.......#......#......+
..........###.#######
.#######....####....#
.# #....# #....# ...
.# #....# #>...#....
.# #....# #.O.......+
.##
#....####@.S....###
..#
#.......>.####.....
..# #.........# .....
..# #.........# .....
..# #.........# ....
..# #.........# ...
#... #######....# ...
#....# .. #....#


You could see an ogre and an adder.

Vanquished Creatures
  A worker ant (D:4)
  2 adders
  3 worms
  3 dart slugs
  A leopard gecko (D:1)
  10 orcs (D:3)
  4 giant cockroaches (D:1)
  7 goblins
  9 hobgoblins
  6 jackals
  7 bats
  8 frilled lizards
  7 kobolds
  A leopard gecko skeleton (D:4)
  7 rats
76 creatures vanquished.

Notes
Turn   | Place    | Note
-------+----------+-------------------------------------------
     0 | D:1      | slep the Vine Stalker Fighter began the quest for the Orb.
     0 | D:1      | Reached XP level 1. HP: 11/11 MP: 2/2
   107 | D:1      | Reached XP level 2. HP: 16/16 MP: 3/3
   388 | D:1      | Reached XP level 3. HP: 17/20 MP: 4/4
   938 | D:2      | Gained mutation: Your natural rate of healing is unusually fast. [Vine Stalker growth]
   938 | D:2      | Reached XP level 4. HP: 24/24 MP: 5/5
  1418 | D:3      | Reached XP level 5. HP: 26/28 MP: 6/6
  1644 | D:4      | Noticed an ogre
  1799 | D:4      | Noticed an ogre
  1806 | D:4      | Mangled by an ogre

Vault maps used:
D:1:      ncdulo_smallfort
D:3:      first_bread

Skill      XL: |  1  2  3  4  5 |
---------------+----------------+-----
Axes           | 2 3 |  3.0
Fighting       | 3 |  3.6
Armour         | 3 |  3.1
Shields        | 3 |  3.0
Dodging        | |  0.7

Action                   |  1- 3 |  4- 6 || total
-------------------------+-------+-------++-------
Melee: War axe           |   101 |    98 ||   199
       Bite              |    27 |    22 ||    49
  Eat: Chunk             |       |     3 ||     3
Armor: Scale mail        |    43 |    48 ||    91
Dodge: Dodged            |    20 |    28 ||    48
Block: Shield            |    61 |    59 ||   120

Table legend:
 A = Spawn XP
 B = Non-spawn XP
 C = Spawn XP percentage of total XP
 D = Spawn monster count
 E = Non-spawn monster count
 F = Spawn count percentage of total count
 G = Total turns spent on level
                    A         B        C        D         E        F      G
               +---------+---------+-------+---------+---------+-------+---------
         Total |       0 |     211 |   0.0 |       0 |      76 |   0.0 |  1806
               +---------+---------+-------+---------+---------+-------+---------
           D:1 |       0 |      42 |   0.0 |       0 |      23 |   0.0 |   610
           D:2 |       0 |      60 |   0.0 |       0 |      24 |   0.0 |   447
           D:3 |       0 |      70 |   0.0 |       0 |      26 |   0.0 |   630
           D:4 |       0 |      39 |   0.0 |       0 |       3 |   0.0 |   119
               +---------+---------+-------+---------+---------+-------+---------
